Workbook
Name \w: #N/A
Name \X: INSUMOS_MAQ!ERR
Name \X: INSUMOS_TRANSP!ERR
Name \X: #N/A
Name _____________________________________________________TEP44: #N/A
Name _____________________________________________________TZ216: #N/A
Name ____________________________________________________TPE1132: #N/A
Name ____________________________________________________TPE1331: #N/A
Name ____________________________________________________TPE1702: #N/A
Name ____________________________________________________TPE1703: #N/A
Name ____________________________________________________TPE1704: #N/A
Name ____________________________________________________TPE1706: #N/A
Name ____________________________________________________TPE1708: #N/A
Name ____________________________________________________TPE1710: #N/A
Name ____________________________________________________TPE1735: #N/A
Name ____________________________________________________TPE1763: #N/A
Name ____________________________________________________TPE1790: #N/A
Name ____________________________________________________TZ214: #N/A
Name ____________________________________________________TZ32510: #N/A
Name ___________________________________________________Cod1: #N/A
Name ___________________________________________________TEP44: #N/A
Name ___________________________________________________TZ216: #N/A
Name __________________________________________________TEP44: #N/A
Name __________________________________________________TPE1132: #N/A
Name __________________________________________________TPE1331: #N/A
Name __________________________________________________TPE1702: #N/A
Name __________________________________________________TPE1703: #N/A
Name __________________________________________________TPE1704: #N/A
Name __________________________________________________TPE1706: #N/A
Name __________________________________________________TPE1708: #N/A
Name __________________________________________________TPE1710: #N/A
Name __________________________________________________TPE1735: #N/A
Name __________________________________________________TPE1763: #N/A
Name __________________________________________________TPE1790: #N/A
Name __________________________________________________TZ214: #N/A
Name __________________________________________________TZ216: #N/A
Name __________________________________________________TZ32510: #N/A
Name _________________________________________________TEP44: #N/A
Name _________________________________________________TPE1132: #N/A
Name _________________________________________________TPE1331: #N/A
Name _________________________________________________TPE1702: #N/A
Name _________________________________________________TPE1703: #N/A
Name _________________________________________________TPE1704: #N/A
Name _________________________________________________TPE1706: #N/A
Name _________________________________________________TPE1708: #N/A
Name _________________________________________________TPE1710: #N/A
Name _________________________________________________TPE1735: #N/A
Name _________________________________________________TPE1763: #N/A
Name _________________________________________________TPE1790: #N/A
Name _________________________________________________TZ214: #N/A
Name _________________________________________________TZ216: #N/A
Name _________________________________________________TZ32510: #N/A
Name ________________________________________________TEP44: #N/A
Name ________________________________________________TPE1132: #N/A
Name ________________________________________________TPE1331: #N/A
Name ________________________________________________TPE1702: #N/A
Name ________________________________________________TPE1703: #N/A
Name ________________________________________________TPE1704: #N/A
Name ________________________________________________TPE1706: #N/A
Name ________________________________________________TPE1708: #N/A

Sheet INFORMACIÓN GENERAL
B5: PROPUESTA ECONÓMICA
B7: I. INFORMACIÓN GENERAL
B8: NOMBRE PROVEEDOR
B9: NIT
B10: REGIMEN DE TRIBUTACIÓN
B11: FECHA DE COTIZACIÓN
B12: TIEMPO DE ENTREGA DÍAS CALENDARIO
B13: VIGENCIA DE COTIZACIÓN
B14: MONEDA
B15: GARANTÍAS OFRECIDAS
B17: NOTA: | C17: La propuesta economica debe incluir todos los costos asociados a la prestación del servicio y/o entrega del bien o servicio
B20: II. DATOS DE CONTACTO
B21: NOMBRE PERSONA DE CONTACTO
B22: CORREO
B23: CELULAR / TELÉFONO
B24: NOMBRE REPRESENTANTE LEGAL
B25: FIRMA REPRESENTANTE LEGAL O TITULAR (PERSONA NATURAL)
B27: FIRMA ABONO DE LA PROPUESTA (SI APLICA)

Sheet RESUMEN
B1: =+C3 -> MODIFICACIONES DEL EDIFICIO PRINCIPAL EN LA HOSTERÍA LOS FARALLONES EN EL MUNICIPIO DE LA PINTADA, ANTIOQUIA | C1: #VALUE!
B2: DATOS INICIALES DEL PROYECTO
B3: NOMBRE DEL PROYECTO | C3: MODIFICACIONES DEL EDIFICIO PRINCIPAL EN LA HOSTERÍA LOS FARALLONES EN EL MUNICIPIO DE LA PINTADA, ANTIOQUIA
B4: VALOR SALARIO MÍNIMO ESTIMADO AÑO DE VIGENCIA | D4: 1750905
B5: VALOR AUXILIO DE TRANSPORTE ESTIMADO AÑO DE VIGENCIA | D5: 249095
B6: DURACIÓN ESTIMADA DEL PROYECTO (MESES) | C6: 6
B7: DURACIÓN ESTIMADA DE LA INTERVENTORÍA (MESES) | C7: =+C6+1 -> 7
B8: COSTOS DIRECTOS POR ZONA
B9: =+'PPTO GRAL'!C7 -> MANTENIMIENTOS GENERALES BLOQUE ADMINISTRATIVO | D9: =+'PPTO GRAL'!G7 -> 0
B10: =+'PPTO GRAL'!C80 -> ADECUACIÓN BATERÍAS SALA DE JUEGOS | D10: =+'PPTO GRAL'!G80 -> 0
B11: =+'PPTO GRAL'!C150 -> BATERÍA DE EMPLEADOS Y ZONA DE BODEGAS | D11: =+'PPTO GRAL'!G150 -> 0
B12: =+'PPTO GRAL'!C214 -> SALA DE REUNIONES, ESTAR Y ZONA DE EMPLEADOS | D12: =+'PPTO GRAL'!G214 -> 0
B13: =+'PPTO GRAL'!C279 -> COWORKING PISO 2 | D13: =+'PPTO GRAL'!G279 -> 0
B14: =+'PPTO GRAL'!C324 -> MEJORAMIENTO GIMNASIO | D14: =+'PPTO GRAL'!G324 -> 0
B15: =+'PPTO GRAL'!C367 -> COMEDOR DE EMPLEADOS | D15: =+'PPTO GRAL'!G367 -> 0
B16: VALOR ESTIMADO DE LA INTERVENCIÓN
B17: COSTOS DIRECTOS | D17: =SUM(D9:D15) -> 0
B18: ADMINISTRACIÓN | C18: =+AU!K31 -> 0 | D18: =ROUNDUP(D17*C18,0) -> 0
B19: UTILIDAD | C19: =+AU!K32 -> 0 | D19: =ROUNDUP((+D17*C19),0) -> 0
B20: IVA SOBRE UTILIDAD | C20: 0.19 | D20: =ROUNDUP((+D19*C20),0) -> 0
B21: POLIZAS
B22: DOTACIÓN | D22: =+DOTACIONES!G15 -> 0
B23: VALOR TOTAL OBRA CIVIL | D23: =IFERROR((SUM(D17:D22)),0) -> 0

Sheet PPTO GRAL
B2: =+RESUMEN!C3 -> MODIFICACIONES DEL EDIFICIO PRINCIPAL EN LA HOSTERÍA LOS FARALLONES EN EL MUNICIPIO DE LA PINTADA, ANTIOQUIA | F2: #VALUE!
B3: PRESUPUESTO GENERAL OBRA CIVIL
B5: Columna1 | C5: Columna2 | D5: Columna3 | E5: Columna4 | F5: Columna5 | G5: Columna6
B6: ITEM | C6: DESCRIPCION | D6: UNIDAD | E6: CANTIDAD | F6: VALOR UNITARIO | G6: VALOR TOTAL
B7: 1 | C7: MANTENIMIENTOS GENERALES BLOQUE ADMINISTRATIVO | G7: =ROUNDUP((+G8+G10+G18+G20+G26+G29+G32+G38+G40+G45),0) -> 0
B8: 1.1 | C8: PRELIMINARES | G8: =SUM(G9) -> 0
B9: 1,1,1 | C9: INSTALACIÓN DE CERRAMIENTO PROVISIONAL EN TELA VERDE con una altura de 2,1 m, y estructura en larguero común cada 2 metros, concreto de 17.5 Mpa para fijación de estructura en madera común. Incluye suministro, transporte, instalación y desmonte de la tela y demás elementos, excavación manual en cualquier material, cargue, transporte y botada de material sobrante, alambre galvanizado y grapas para asegurar el borde inferior y todos los demás elementos necesarios para su correcta instalación. Deberá estar en buen estado durante toda la ejecución de la obra. | D9: ML | E9: 30 | G9: =+F9*E9 -> 0
B10: 1.2 | C10: DEMOLICIONES Y RETIROS | G10: =SUM(G11:G17) -> 0
B11: 1,2,1 | C11: DEMOLICIÓN DE PISOS manual o mecanica, cargue, transporte y botada de escombros de DE CUALQUIER ESPESOR. Incluye retiro de enchape (baldosa, ceramica, baldosín, forros en arenón, madera, granito esmerilado, concreto, pisos en gres, vinilo, entre otros), incluye la demolición del mortero de nivelación y todo lo necesario para su correcta ejecución | D11: M2 | E11: 252.31 | G11: =+F11*E11 -> 0
B12: 1,2,2 | C12: RETIRO DE ZÓCALOS. Incluye el cargue, transporte interno de material retirado, empacada de material residual en costales, botada escombros en botaderos oficiales. | D12: ML | E12: 41.2 | G12: =+F12*E12 -> 0
B13: 1,2,3 | C13: DESMONTE DE PASAMANOS EXISTENTES EN MADERA CON PEDESTALES METALICOS sobre muro bajo de concreto con fijación mediante pernos, incluye, desmonte de pasamanos en madera, pedestales metálicos, fijaciones y accesorios del mismo, contempla el retiro de estos, acopio o disposición y botada del material sobrante. | D13: ML | E13: 72.15 | G13: =+F13*E13 -> 0
B14: 1,2,4 | C14: DESMONTE DE VENTANERÍA EXISTENTE V-8 (3,84x1,50m), Incluye desmonte de ventanería, resane de vanos de ventana, cargue, transporte y botada de escombros con su respectivo derecho de botadero, cortes máquina de disco. Además recuperación de los materiales aprovechables o su transporte hasta el sitio que indique la interventoría | D14: UND | E14: 1 | G14: =+F14*E14 -> 0
B15: 1,2,5 | C15: DESMONTE DE VENTANERÍA EXISTENTE V-24 (2,40x1,00m), Incluye desmonte de ventanería, resane de vanos de ventana, cargue, transporte y botada de escombros con su respectivo derecho de botadero, cortes máquina de disco. Además recuperación de los materiales aprovechables o su transporte hasta el sitio que indique la interventoría | D15: UND | E15: 1 | G15: =+F15*E15 -> 0
B16: 1,2,6 | C16: DESMONTE DE VENTANERÍA EXISTENTE V-22 (1,00x1,00m), Incluye desmonte de ventanería, resane de vanos de ventana, cargue, transporte y botada de escombros con su respectivo derecho de botadero, cortes máquina de disco. Además recuperación de los materiales aprovechables o su transporte hasta el sitio que indique la interventoría | D16: UND | E16: 3 | G16: =+F16*E16 -> 0
B17: 1,2,7 | C17: DESMONTE DE VENTANERÍA EXISTENTE V-23 (0,50x1,00m), Incluye desmonte de ventanería, resane de vanos de ventana, cargue, transporte y botada de escombros con su respectivo derecho de botadero, cortes máquina de disco. Además recuperación de los materiales aprovechables o su transporte hasta el sitio que indique la interventoría | D17: UND | E17: 1.5 | G17: =+F17*E17 -> 0
B18: 1.3 | C18: CONCRETOS Y ACERO DE REFUERZO | G18: =SUM(G19:G19) -> 0
B19: 1,3,1 | C19: COLOCACIÓN DE MORTERO DE NIVELACIÓN 1:5, cuyo espesor va hasta 5cms. Para nivelacion de zona en transicion de los nuevos pisos en toda el area. Incluye suministro y transporte de los materiales, dilatación metálica y todos los demás elementos necesarios para su correcta construcción. | D19: M2 | E19: 152.31 | G19: =+F19*E19 -> 0
B20: 1.4 | C20: REVOQUES, ESTUCO Y PINTURA | G20: =SUM(G21:G25) -> 0
B21: 1,4,1 | C21: COLOCACIÓN DE REVOQUE Liso o rustico segun diseño con mortero 1:4 EN COLUMNAS EN PIEDRA, EN ALTURA DE 1.2m, garantizando que todas las columnas tengan el revoque al mismo nivel, incluye preparación del enchape en piedra con pulidora, suministro e instalación de malla para garantizar puente de adherencia entre el concreto y la piedra. Importante validar el acabado en los planos arquitectonicos. contempla suministro y transporte de los materiales, fajas, ranuras, filetes y todos los demás elementos necesarios para su correcta construcción | D21: M2 | E21: 88.584 | G21: =+F21*E21 -> 0
B22: 1,4,2 | C22: Colocación de ESTUCO ACRÍLICO PROFESIONAL BLANCO, SOBRE COLUMNAS REVOCADAS ALTURA 1.2m, 3 manos mínimo, o las que sean necesarias para obtener una superficie pareja y homogénea. Incluye suministro y transporte de los materiales, ranuras, filetes, dilataciones y todos los elementos necesarios para su correcta aplicación y funcionamiento. | D22: M2 | E22: 88.584 | G22: =+F22*E22 -> 0
B23: 1,4,3 | C23: Suministro y colocación de ESTUCO ACRÍLICO PROFESIONAL, PARA RESANE DE MUROS EXISTENTES, garantizando una superficie pareja y homogénea, Incluye suministro y transporte de los materiales, ranuras, filetes, dilataciones y todos los elementos necesarios para su correcta aplicación y funcionamiento. | D23: M2 | E23: 133.4476 | G23: =+F23*E23 -> 0
B24: 1,4,4 | C24: Aplicación de PINTURA TIPO KORAZA EN MUROS EXTERIORES colores entonados, por definir según equipo creativo, de primera calidad sobre muros revocados y/o estucados, tres manos o las necesarias hasta obtener una superficie pareja y homogénea. Incluye suministro y transporte de los materiales, adecuación de la superficie a intervenir hasta obtener una superficie pareja y homogénea, color a definir según aprobación de la interventoría. | D24: M2 | E24: 386.2726 | G24: =+F24*E24 -> 0
B25: 1,4,5 | C25: Colocación de ESTUCO ACRÍLICO PROFESIONAL BLANCO, MUROS DE PASAMANOS, Garantizando una superficie pareja y homogénea. Incluye suministro y transporte de los materiales, ranuras, filetes, dilataciones y todos los elementos necesarios para su correcta aplicación y funcionamiento. | D25: M2 | E25: 108.225 | G25: =+F25*E25 -> 0
B26: 1.5 | C26: MANTENIMIENTO CUBIERTA | G26: =SUM(G27:G28) -> 0
B27: 1,5,1 | C27: MANTENIMIENTO DE CERCHA DE CUBIERTA, Incluye limpieza mecánica y manual de los elementos metálicos y de madera de la cercha y cubierta interior, eliminación de óxidos y residuos, aplicación de anticorrosivo o barniz según el tipo de material (esmalte anticorrosivo en acero estructural, barniz protector en madera), revisión y ajuste de uniones atornilladas y soldadas, reposición parcial de piezas defectuosas (tornillería, platinas, soportes menores o listones), limpieza de canaletas internas y mantenimiento general de fijaciones. Incluye suministro de materiales, herramientas, transporte, montaje y desmontaje de andamios o plataformas, EPP y todos los elementos necesarios para la correcta y segura ejecución de la actividad. | D27: M2 | E27: 1651.6565 | G27: =+F27*E27 -> 0
B28: 1,5,2 | C28: Suministro, transporte y COLOCACIÓN DE CANOA EN "U" en lamina galvanizada calibre 20, desarrollo 0.75m. con soldadura autógena. Incluye embudos en el mismo material de la canoa, soportes, tornillos autoperforantes, anticorrosivo epóxico por ambas caras, acabado con esmalte en la cara inferior a la vista y todos los elementos necesarios para su correcta instalación y funcionamiento. Según diseño de cubierta. | D28: ML | E28: 165.03 | G28: =+F28*E28 -> 0
B29: 1.6 | C29: PISOS Y ENCHAPES | G29: =SUM(G30:G31) -> 0
B30: 1,6,1 | C30: SUMINISTRO E INSTALACIÓN DE PISO TIPO ROYAL VETA 30x30cm o equivalente, junta estrecha con latex color gris. Incluye suministro y transporte de los materiales, adhesivo para cerámica tipo pegacor o su equivalente adecuado para baños, Lechada gris oscura y todos los elementos necesarios para su correcta instalación y funcionamiento. | D30: M2 | E30: 301.33 | G30: =+F30*E30 -> 0
B31: 1,6,2 | C31: Suministro e Instalación de ZÓCALO altura 10cm tipo ROYAL VETA 30 cm X 30 cm, Incluye suministro y transporte de los materiales, corte y figuración, mortero adhesivo para enchapes tipo pegacor o equivalente, lechada preparada (boquilla) tipo Concolor de sumicol o equivalente. | D31: ML | E31: 54.240072 | G31: =+F31*E31 -> 0
B32: 1.7 | C32: CARPINTERÍA METALICA | G32: =SUM(G33:G37) -> 0
B33: 1,7,1 | C33: Suministro e instalación de PASAMANOS EN VIDRIO LAMINADO Y TEMPLADO 4mm + 4mm, incluye, tubería superior de 2", paral cuadrado tipo sandwich (total 2" x 2"), sandwich ranura para vidrio y platina de anclaje de 2"x4", fijaciones y accesorios para la instalación. | D33: ML | E33: 72.15 | G33: =+F33*E33 -> 0
B34: 1,7,2 | C34: SUMINISTRO E INSTALACIÓN DE VENTANA EN ALUMINIO, medidas 3,84x1,50m, incluye, ventana en aluminio, 3 cuerpos, con vidrio templado de 5mm, fijaciones y accesorios, cargue, transporte y acarreo interno. | D34: UND | E34: 1 | G34: =+F34*E34 -> 0
B35: 1,7,3 | C35: SUMINISTRO E INSTALACIÓN DE VENTANA EN ALUMINIO, medidas 2,40x1,00m, incluye, ventana en aluminio, 2 cuerpos, con vidrio templado de 5mm, fijaciones y accesorios, cargue, transporte y acarreo interno. | D35: UND | E35: 1 | G35: =+F35*E35 -> 0
B36: 1,7,4 | C36: SUMINISTRO E INSTALACIÓN DE VENTANA EN ALUMINIO, medidas 1,00x1,00m, incluye, ventana en aluminio, 1 cuerpo, con vidrio templado de 5mm, fijaciones y accesorios, cargue, transporte y acarreo interno. | D36: UND | E36: 3 | G36: =+F36*E36 -> 0
B37: 1,7,5 | C37: SUMINISTRO E INSTALACIÓN DE VENTANA EN ALUMINIO, medidas 0,50x1,00m, incluye, ventana en aluminio, 1 cuerpos, con vidrio templado de 5mm, fijaciones y accesorios, cargue, transporte y acarreo interno. | D37: UND | E37: 3 | G37: =+F37*E37 -> 0
B38: 1.8 | C38: MOVILIDAD PMR | G38: =SUM(G39) -> 0
B39: 1,8,1 | C39: Suministro e instalación de SISTEMAS MÓVILES HORIZONTALES DE PMR para escaleras, incluye plataforma de ascenso y descenso y sistema complementario, sistema conformado por 2 plataformas salvaescaleras, una para recorrido recto de 9 peldaños de escalón (plataforma salva escalera - recta) y una longitud de trayecto (media en distancia horizontal) de 3,81m aproximadamente, y un segundo módulo con recorrido recto y una curva (plataforma salva escalera - curva), con parada intermedia, y una longitud de trayecto (media en distancia horizontal) de 7,56m aproximadamente. | D39: GLB | E39: 1 | G39: =+F39*E39 -> 0
B40: 1.9 | C40: PAISAJISMO EXTERIOR | G40: =SUM(G41:G44) -> 0
B41: 1,9,1 | C41: LAVADO DE MURO EN PIEDRA NATURAL A LA VISTA MEDIANTE HIDROLAVADORA, incluyendo retiro de suciedad, hongos o incrustaciones, enjuague y secado, seguido de la aplicación uniforme de impermeabilizante hidrófugo tipo silicona base solvente o acuosa, mediante brocha o rodillo, garantizando la penetración del producto. Incluye mano de obra, equipos, elementos de protección personal, herramientas, limpieza final y disposición adecuada de residuos. | D41: M2 | E41: 24 | G41: =+F41*E41 -> 0
B42: 1,9,2 | C42: Aplicación de PINTURA TIPO KORAZA EN MURO EXTERIOR DE PORTERÍA, color blanco, de primera calidad sobre muros revocados y/o estucados, tres manos o las necesarias hasta obtener una superficie pareja y homogénea. Incluye suministro y transporte de los materiales, adecuación de la superficie a intervenir hasta obtener una superficie pareja y homogénea. | D42: M2 | E42: 24 | G42: =+F42*E42 -> 0
B43: 1,9,3 | C43: Desmonte y reposición de LETRERO DE IMAGEN CORPORATIVA SEGÚN DISEÑO, medidas aproximadas 3,00 x 1,00m, en acrilico o similar, incluye transporte, instalación y todos los items necesarios para el desarrollo de la correcta actividad, contempla tambien el retiro del anterior y el transporte de este a sitio acordado por supervisores. | D43: UND | E43: 1 | G43: =+F43*E43 -> 0
B44: 1,9,4 | C44: Suministro e instalación de ESTRUCTURA DE PARADERO, de 3 parales de LARGO 4.5m x ANCHO 1.89m x ALTURA 2.741m. Cubierta fabricada con lamina de metalacrilato natural de 3mm. Parales y soportes de techo fabricados con lámina de acero inoxidable 304, banca fabricada con lámina de acero inoxidable 304. Incluye transporte, suministro e instalación de la misma. NO incluye MUPI. Medidas según diseño. | D44: UND | E44: 1 | G44: =+F44*E44 -> 0
B45: 1.1 | C45: INSTALACIONES ELECTRICAS GRALES ADMON, OFICINAS PP, COMEDOR Y PARTES DEL CPA | G45: =ROUNDUP((SUM(G46+G54+G61+G65+G68+G75)),0) -> 0
B46: 1,10,1 | C46: Salidas electricas | G46: =SUM(G47:G53) -> 0
B47: 1,10,1,1 | C47: Desmonte de salidas electricas, incluye ductos, cableado y aparatos, el item se pagará pesando el cable, con un tenor de 0,104kg por metro. | D47: ml | E47: 6032.5 | G47: =E47*F47 -> 0
B48: 1,10,1,2 | C48: Salida tomacorriente doble normal tipo levinton con polo a tierra, instalado en caja 12x12x5, sobrepuesto en muro, para intemperie; incluye, cable 3 No.12 THHN-THWN-LS, tubería EMT 3/4" (ambos 3 metros por salida), caja metálica 12x12x5 y aparato tipo Levitón 125V-15A, conectores auto desforre, marcación y demás elementos para su correcta instalación. | D48: UND | E48: 23 | G48: =E48*F48 -> 0
B49: 1,10,1,3 | C49: Salida tomacorriente doble REGULADO tipo levinton con polo a tierra, instalado en caja 12x12x5, sobrepuesto en muro, para intemperie; incluye, cable 3 No.12 THHN-THWN-LS, tubería EMT 3/4" (ambos 3 metros por salida), caja metálica 12x12x5 y aparato tipo Levitón 125V-15A, conectores auto desforre, marcación y demás elementos para su correcta instalación. | D49: UND | E49: 7 | G49: =E49*F49 -> 0
B50: 1,10,1,4 | C50: Salida en caja 12x12x5 sobrepuesto en techo u otras áreas para ILUMINACIÓN;cable 3 No.12 THHN-THWN-LS, tubería EMT 3/4" (ambos 3 metros por salida), caja metálica 12x12x5, prensa estopa, marcación y demás elementos para su correcta instalación. | D50: UND | E50: 49 | G50: =E50*F50 -> 0
B51: 1,10,1,5 | C51: Salida interruptor sencillo para ILUMINACIÓN tipo levinton instalado en caja; incluye, cable 3 x No.12 THHN-THWN-LS LIBRE DE HALOGENOS, tubería EMT 3/4" (ambos 3 metros por cada salida), caja metálica 4x4, aparato tipo Luminex blanco, conectores autodesforre 3m, marcación y demás elementos para su correcta instalación. | D51: UND | E51: 15 | G51: =E51*F51 -> 0
B52: 1,10,1,6 | C52: Salida interruptor doble para ILUMINACIÓN tipo levinton instalado en caja; incluye, cable 3 x No.12 THHN-THWN-LS LIBRE DE HALOGENOS, tubería EMT 3/4" (ambos 3 metros por cada salida), caja metálica 4x4, aparato tipo Luminex blanco, conectores autodesforre 3m, marcación y demás elementos para su correcta instalación. | D52: UND | E52: 2 | G52: =E52*F52 -> 0
B53: 1,10,1,7 | C53: Salida tomacorriente tipo levinton 220VAC con polo a tierra, para la silla, instalado en caja 12x12x5, sobrepuesto en muro, para intemperie; incluye, cable 3 No.12 THHN-THWN-LS, tubería EMT 3/4" (ambos 3 metros por salida), caja metálica 12x12x5 y aparato tipo Levitón, conectores auto desforre, marcación y demás elementos para su correcta instalación. | D53: UND | E53: 1 | G53: =E53*F53 -> 0
B54: 1,10,2 | C54: Tableros multibreakers y protecciones eléctricas | G54: =SUM(G55:G60) -> 0
B55: 1,10,2,1 | C55: Suministro, transporte e instalación de de tablero trifasico del tipo multibreaker de 36 circuitos, con barras de neutro y tierra independientes en cobre, con puerta y chapa, de empotrar en muro, Icc: 10kA | D55: UND | E55: 1 | G55: =E55*F55 -> 0
B56: 1,10,2,2 | C56: Suministro, transporte e instalación de de tablero trifasico del tipo multibreaker de 24 circuitos, con barras de neutro y tierra independientes en cobre, con puerta y chapa, de empotrar en muro, Icc: 10kA | D56: UND | E56: 4 | G56: =E56*F56 -> 0
B57: 1,10,2,3 | C57: Suministro, transporte e instalación de de tablero bifasico del tipo multibreaker de 8 circuitos, con barras de neutro y tierra independientes en cobre, con puerta y chapa, de empotrar en muro, Icc: 10kA | D57: UND | E57: 2 | G57: =E57*F57 -> 0
B58: 1,10,2,4 | C58: Suministro, transporte e instalación de breaker enchufable 1x20 A. Icc: 10kA, 120V | D58: UND | E58: 130 | G58: =E58*F58 -> 0
B59: 1,10,2,5 | C59: Suministro, transporte e instalación de breaker enchufable 2x20 A. Icc: 10kA | D59: UND | E59: 14 | G59: =E59*F59 -> 0
B60: 1,10,2,6 | C60: Suministro, trasnporte e instalacion de Tablero ppal ubicado en la subestacion electrica, autosoportado para alojar un medidor, un totalizador de 1000A trifasico y 5 totalizadores trifasicos para distribucion, medidas aprox 2.20x1.20x0.80cm | D60: GLB | E60: 1 | G60: =E60*F60 -> 0
B61: 1,10,3 | C61: Canalizaciones | G61: =SUM(G62:G64) -> 0
B62: 1,10,3,1 | C62: Suministro e instalación de tubería eléctrica de EMT de Ø 3/4”. mtsd Incluye: Tendido, uniones, curvas y los accesorios necesarios para su óptimo funcionamiento | D62: ML | E62: 600 | G62: =F62*E62 -> 0
B63: 1,10,3,2 | C63: Suministro, transporte e instalacion de tuberia PVC 3" , con accesorios para instalar acometidas electricas, fibra y seguridad, debe tener certificado retie y pruebas UL, incluye brecha. | D63: ML | E63: 200 | G63: =F63*E63 -> 0
B64: 1,10,3,3 | C64: Suministro e instalación de caja 60x60 en piso, accesorios, elementos de fijación y todo lo necesario para su optimo funcionamiento. | D64: UND | E64: 4 | G64: =F64*E64 -> 0
B65: 1,10,4 | C65: Alimentadores y circuitos ramales | G65: =SUM(G66:G67) -> 0
B66: 1,10,4,1 | C66: Suministro, transporte e instalación de alimentador en cable de cobre 3No.2 + 1No.2+ 1No4. AWG-THWN; incluye terminales y cinta aislante- tableros de distribucion modulo 2 y modulo 3 | D66: ML | E66: 150 | G66: =F66*E66 -> 0
B67: 1,10,4,2 | C67: Suministro, transporte e instalación de circuitos ramales en cable de cobre 3No.12 LSHF AWG; incluye conectores resorte y cinta aislante | D67: ML | E67: 400 | G67: =F67*E67 -> 0
B68: 1,10,5 | C68: Iluminación | G68: =SUM(G69:G74) -> 0
B69: 1,10,5,1 | C69: Suministro, transporte e instalación de cable encauchetado 3x12 AWG- ST-C cobre blando. Incluye conectores, marcación y demás accesorios para su correcta instalación y fUncionamiento según RETIE. | D69: ML | E69: 49 | G69: =F69*E69 -> 0
B70: 1,10,5,2 | C70: Suministro, transporte e instalación de panel LED rectangular de 30x120, de sobreponer 40W, neutro, incluye elementos de fijacion y todos los accesorios para su correcto funcionamiento. | D70: UND | E70: 34 | G70: =F70*E70 -> 0
B71: 1,10,5,3 | C71: Suministro , transporte e instalación de Luminaria lineal 0,60m compacta de suspender 40W - AC100-240V - Neutra - 3600Lm - angulo de apertura 120° - IP20 - Perfil de aluminio extruido - Acabado con pintura electrostática negra - 30.000 horas de vida útil - 2 años de garantía - Difusor en acrílico con distribución de la luz volumétrica, incluye guayas y demás elementos de fijación. Esta luminaria debe cumplir con el RETILAP y el RETIE y se debe entregar curva fotométrica certificada del fabricante. para armar las lamp lineales y rectangulares | D71: UND | E71: 5 | G71: =F71*E71 -> 0
B72: 1,10,5,4 | C72: Suministro, transporte e instalación de luminaria emergencia led interior de sobreponer en pared 2w 2x75.3lm. Incluye elementos de fijación | D72: UND | E72: 2 | G72: =F72*E72 -> 0
B73: 1,10,5,5 | C73: Suministro, transporte e instalación de luminaria para descolgar tipo canasto (ver imagen) incluye bombilla 30 W calido, phillips o similar, incluye,guaya, conectores, marcacion y demas accesorios. | D73: UND | E73: 10 | G73: =F73*E73 -> 0
B74: 1,10,5,6 | C74: Suministro , transporte e instalación de Cinta LED 110vac para columnas- calida | D74: ML | E74: 100 | G74: =F74*E74 -> 0
B75: 1,10,6 | C75: Telecomunicaciones | G75: =SUM(G76:G79) -> 0
B76: 1,10,6,1 | C76: Suministro, transporte e instalación de organizador horizontal de cables para rack actual (1.80mst). Incluye todos los elementos necesarios para su correcta instalación y funcionamiento. | D76: UND | E76: 3 | G76: =F76*E76 -> 0
B77: 1,10,6,2 | C77: Organizador vertical para rack actual, altura de 1.80m, con soporte de montaje frontal, cubierta de color negro para insertar. | D77: UND | E77: 4 | G77: =F77*E77 -> 0
B78: 1,10,6,3 | C78: Suministro, transporte e instalación de Patch panel con 24 posiciones independientes categoría 6A, 19x1U. incluye herraje, 24 jacks Rj45, elementos de fijación en Rack, marcación de los puertos y cableado. Marca PANDUIT | D78: UND | E78: 1 | G78: =F78*E78 -> 0
B79: 1,10,6,4 | C79: Organización centro de cableado, incluye movimiento de bandejas, peinada de cables, marcación y todo lo necesario para su correcta operación de un rack de piso de 1.80 con 2 PP y sus respectivos suiches, | D79: GLB | E79: 1 | G79: =F79*E79 -> 0
B80: 2 | C80: ADECUACIÓN BATERÍAS SALA DE JUEGOS | G80: =ROUNDUP((G81+G91+G95+G104+G107+G120+G131),0) -> 0
B81: 2.1 | C81: DEMOLICIONES Y RETIROS | G81: =SUM(G82:G90) -> 0
B82: 2,1,1 | C82: DEMOLICIÓN DE MUROS EN MAMPOSTERÍA de cualquier espesor. Incluye retiro de revoques, enchapes (baldosa, baldosín forros en arenón, madera, vinilo, granito esmerilado, concreto, piedra, cintas de remate en concreto o cualquier otro acabado que se encuentre sobre el muro. Incluye cargue, transporte y botada de escombros con su respectivo derecho de botadero, cortes máquina de disco. Además recuperación de los materiales aprovechables o su transporte hasta el sitio que indique la interventoría | D82: M2 | E82: 33.539 | G82: =+F82*E82 -> 0
B83: 2,1,2 | C83: DESMONTE DE DIVISIONES LIVIANAS EXISTENTES en materiales varios (drywall, divisiones modulares con vidrio, divisiones en madera y divisiones en vidrio ) con espesores variables, incluye demolición de revoques y enchapes aplicados al muro a demoler, retiro de panel de yeso cartón y/o fibrocemento, retiro de perfileria metalica ,refuerzos metalicos y de madera, frescasa, espejos, vidrios,zocalos, además la empacada del material desmontado, transporte interno y externo, botada de material y recuperación de los materiales aprovechables, andamios y todo lo necesario para su correcta ejecución. | D83: M2 | E83: 23.93 | G83: =+F83*E83 -> 0
B84: 2,1,3 | C84: DEMOLICIÓN DE ENCHAPES. Incluye retiro de enchapes (baldosa, baldosín forros en arenón, madera, vinilo, granito esmerilado, concreto, piedra, cintas de remate en concreto o cualquier otro acabado que se encuentre sobre el muro. Incluye cargue, transporte y botada de escombros con su respectivo derecho de botadero, cortes máquina de disco. Además recuperación de los materiales aprovechables o su transporte hasta el sitio que indique la interventoría | D84: M2 | E84: 47.609 | G84: =+F84*E84 -> 0
B85: 2,1,4 | C85: DEMOLICIÓN DE PISOS manual o mecanica, cargue, transporte y botada de escombros de DE CUALQUIER ESPESOR. Incluye retiro de enchape (baldosa, ceramica, baldosín, forros en arenón, madera, granito esmerilado, concreto, pisos en gres, vinilo, entre otros), incluye la demolición del mortero de nivelación y todo lo necesario para su correcta ejecución | D85: M2 | E85: 34.46 | G85: =+F85*E85 -> 0
B86: 2,1,5 | C86: ANULACIÓN DE SALIDAS HIDROSANITARIAS de cualquier diámetro. Incluye retiro de red hidrosanitaria, anulación de salida con tapón (si es necesario), sellado de salidas con mortero 1:4, botada en botaderos oficiales y la recuperación de los materiales aprovechables y/o su transporte hasta la bodega o el sitio que indique la supervisión. | D86: UND | E86: 12 | G86: =+F86*E86 -> 0
B87: 2,1,6 | C87: RETIRO DE PUERTAS (marco y ala) metálicas, en aluminio, en madera o puerta reja. Incluye el retiro, cargue, transporte, botada de escombros en botaderos oficiales y recuperación de los materiales aprovechables y su transporte hasta la bodega o el sitio que lo indique la interventoría. Ancho variable desde 0,60 a 1,20 m. | D87: UND | E87: 1 | G87: =+F87*E87 -> 0
B88: 2,1,7 | C88: RETIRO DE APARATOS SANITARIOS, incluye el cargue, transporte, botada o recuperación de aparatos sanitarios, orinales,elementos menores (papeleras, jaboneras,dispensadores de papel y de jabón,letreros,avisos,repisas,entre otros). Incluye botada en botaderos oficiales y la recuperación de los materiales aprovechables y/o su transporte hasta la bodega o el sitio que indique la supervisión. | D88: UND | E88: 8 | G88: =+F88*E88 -> 0
B89: 2,1,8 | C89: DESMONTE DE LAVAMANOS DE PEDESTAL, incluye el cargue, transporte, botada o recuperación de lavamanos. Incluye botada en botaderos oficiales y la recuperación de los materiales aprovechables y/o su transporte hasta la bodega o el sitio que indique la interventoría. | D89: UND | E89: 4 | G89: =+F89*E89 -> 0
B90: 2,1,9 | C90: RETIRO DE ESPEJOS EXISTENTES en marco de madera, dimensiones aproximadas de 0,50x1,120m aproximadamente, Incluye el retiro, cargue, transporte, botada de escombros en botaderos oficiales y recuperación de los materiales aprovechables y su transporte hasta la bodega o el sitio que lo indique la interventoría. | D90: UND | E90: 2 | G90: =+F90*E90 -> 0
B91: 2.2 | C91: MAMPOSTERIA, MUROS LIVIANOS, DIVISIONES Y MORTEROS. | G91: =SUM(G92:G94) -> 0
B92: 2,2,1 | C92: Construcción de MAMPOSTERÍA EN LADRILLO PARA REVOCAR O ENCHAPAR una cara o dos caras, DE 10 x 20 x 40 cm. Incluye el suministro y transporte del ladrillo, el grouting, el mortero de pega 1:4 espesor max=0.01 m, así como todos los demás elementos necesarios para su correcta construcción y funcionamiento.(Incluye ajuste de vanos), el acero de las dovelas se pagará en su respectivo item. | D92: M2 | E92: 36.917 | G92: =+F92*E92 -> 0
B93: 2,2,2 | C93: Colocación de REVOQUE CON MORTERO 1:4 EN MUROS INTERIORES. incluye suministro y transporte de los materiales, fajas, ranuras, filetes y todos los demás elementos necesarios para su correcta construcción. | D93: M2 | E93: 58.282 | G93: =+F93*E93 -> 0
B94: 2,2,3 | C94: Suministro, transporte e instalación puertas y DIVISIONES EN ACERO INOXIDABLE para unidades sanitarias, en Acero Inoxidable 304 Socoda o similar, calibre 20 de 3 cms de espesor más herrajes en acero inoxidable acabado satinado para puertas. Incluye todo lo necesario para su corecta instalación. | D94: M2 | E94: 17.874 | G94: =+F94*E94 -> 0
B95: 2.3 | C95: PISOS Y ENCHAPES | G95: =SUM(G96:G103) -> 0
B96: 2,3,1 | C96: COLOCACIÓN DE MORTERO DE NIVELACIÓN 1:5, cuyo espesor va hasta 5cms. Para nivelacion de zona en transicion de los nuevos pisos en toda el area. Incluye suministro y transporte de los materiales, dilatación metálica y todos los demás elementos necesarios para su correcta construcción. | D96: M2 | E96: 33.35 | G96: =+F96*E96 -> 0
B97: 2,3,2 | C97: SUMINISTRO E INSTALACIÓN DE PISO en Porcelanato WEST ARD Gris Claro Caras Diferenciadas 60X60, Incluye suministro y transporte de los materiales, adhesivo para porcelanato con látex, boquilla junta estrecha con látex color gris y todos los demás elementos necesarios para su correcta construcción y funcionamiento. Muestras previas y color para la aprobación del arquitecto y la supervisión. Los ensayos que se requieran serán por cuenta del contratista y las muestras se escogerán del material puesto en obra. | D97: M2 | E97: 33.35 | G97: =+F97*E97 -> 0
B98: 2,3,3 | C98: SUMINISTRO E INSTALACIÓN DE ZÓCALO 10cm Ref: Porcelanato WEST ARD Gris Claro Caras Diferenciadas Incluye suministro y transporte de los materiales, mortero adhesivo para enchapes tipo pegacor o equivalente, lechada preparada (boquilla) tipo Concolor o equivalente. | D98: ML | E98: 25.34 | G98: =+F98*E98 -> 0
B99: 2,3,4 | C99: SUMINISTRO E INSTALACIÓN DE ENCHAPE BRICK BLANCO MATE CARA UNICA DE 8,8X27cm o equivalente, instalación en espina de pescado, junta estrecha con latex color gris. Incluye suministro y transporte de los materiales, adhesivo para cerámica tipo pegacor o su equivalente adecuado para baños, Lechada gris oscura y todos los elementos necesarios para su correcta instalación y funcionamiento. | D99: M2 | E99: 31.544 | G99: =+F99*E99 -> 0
B100: 2,3,5 | C100: SUMINISTRO E INSTALACIÓN DE PARED CERÁMICA PLANA BLANCO 30x60cm,corona o similar, Incluye suministro y transporte de los materiales, adhesivo para porcelanato con látex, boquilla junta gruesa con látex color blanco y todos los demás elementos necesarios para su correcta construcción y funcionamiento. Muestras previas y color para la aprobación del arquitecto y la supervisión. Los ensayos que se requieran serán por cuenta del contratista y las muestras se escogerán del material puesto en obra. | D100: M2 | E100: 9.86 | G100: =+F100*E100 -> 0
B101: 2,3,6 | C101: SUMINISTRO Y APLICACIÓN DE LECHADA, para pisos existentes, boquilla tipo junta gruesa, incluye rayado de junta existente y suministro de boquilla para realce de la misma a nivel de piso. | D101: M2 | E101: 201.14 | G101: =+F101*E101 -> 0
B102: 2,3,7 | C102: DESTRONQUE, PULIDA, BRILLADA Y CRISTALIZACIÓN DE PISO EXISTENTE incluye zócalo. Incluye: maquinaria, mano de obra necesaria, extensiones, protección de muros y elementos adyacentes, aseo final del espacio intervenido tras cada jornada de trabajo, (la lechada se pagará en su respectivo item). | D102: M2 | E102: 201.14 | G102: =+F102*E102 -> 0
...

Sheet INSUMOS_MAQ
C2: INSUMOS DE MAQUINARIA | E2: Codigo:PIM-FM-1002 Versión: 01 Fecha: 09/2024
A4: DESCRIPCIÓN: | G4: AUMENTO IPC ESTIMADO
G5: 0.09
A8: COD | B8: PERSONAL Y/O CUADRILLA | C8: UNIDAD | D8: VALOR UNITARIO | E8: IVA | F8: VALOR TOTAL | G8: VALORES INCREMENTADOS | H8: VALORES INICIALES 2025
A9: MAQ001 | B9: Retroexcavadora llanta | C9: hr | D9: 165000 | F9: =+D9 -> 165000 | G9: =+H9*(1+$G$5) -> 179850 | H9: 165000
A10: MAQ002 | B10: Andamio multidireccional modulo estandar 1.4 x 1.4 x 2 m. | C10: dia | D10: 70000 | F10: =+D10 -> 70000 | G10: =+H10*(1+$G$5) -> 76300 | H10: 70000
A11: MAQ003 | B11: Pulidora manual electrica de 7" - 9" | C11: dia | D11: 35000 | F11: =+D11 -> 35000 | G11: =+H11*(1+$G$5) -> 38150 | H11: 35000
A12: MAQ004 | B12: Martillo demoledor neumático | C12: hr | D12: 120000 | F12: =+D12 -> 120000 | G12: =+H12*(1+$G$5) -> 130800 | H12: 120000
A13: MAQ005 | B13: Disco Diamantado Segmentado 9 Pulgadas | C13: und | D13: 68900 | F13: =+D13 -> 68900 | G13: =+H13*(1+$G$5) -> 75101 | H13: 68900
A14: MAQ006 | B14: TALADRO PERFORADOR DE 1 " | C14: hr | D14: 65000 | F14: =+D14 -> 65000 | G14: =+H14*(1+$G$5) -> 70850 | H14: 65000
A15: MAQ007 | B15: Cortadora de ladrillo electrica | C15: dia | D15: 70000 | F15: =+D15 -> 70000 | G15: =+H15*(1+$G$5) -> 76300 | H15: 70000
A16: MAQ008 | B16: ROTOMARTILLO SDS MAX | C16: dia | D16: 77000 | F16: =+D16 -> 77000 | G16: =+H16*(1+$G$5) -> 83930 | H16: 77000
A17: MAQ009 | B17: Vibrador De Concreto Electrico | C17: dia | D17: 57000 | F17: =+D17 -> 57000 | G17: =+H17*(1+$G$5) -> 62130 | H17: 57000
A18: MAQ010 | B18: Destroncadora Electrica con discos de pulido | C18: dia | D18: 160000 | F18: =+D18 -> 160000 | G18: =+H18*(1+$G$5) -> 174400 | H18: 160000
A19: MAQ011 | B19: Cortadora de piso | C19: dia | D19: 84000 | F19: =+D19 -> 84000 | G19: =+H19*(1+$G$5) -> 91560 | H19: 84000
A20: MAQ012 | B20: Disco diamantado segmentado 14 pulgadas | C20: und | D20: 691000 | F20: =+D20 -> 691000 | G20: =+H20*(1+$G$5) -> 753190 | H20: 691000
... A23: MAQ015 | B23: Pulidora para pisos de concreto | C23: dia | D23: 95000 | F23: =+D23 -> 95000 | G23: =+H23*(1+$G$5) -> 103550 | H23: 95000
A24: MAQ016 | B24: Concretadora 960 litros - 3 bultos | C24: día | D24: 105000 | F24: 105000 | G24: =+H24*(1+$G$5) -> 114450 | H24: 105000
A25: MAQ017 | B25: Escalera de tijera | C25: dia | D25: 40000 | F25: =D25*1 -> 40000 | G25: =+H25*(1+$G$5) -> 43600 | H25: 40000
A26: MAQ018 | B26: Soldador TIG lincoln Electric | C26: dia | D26: 150000 | F26: =D26*1 -> 150000 | G26: =+H26*(1+$G$5) -> 163500 | H26: 150000
A27: MAQ019 | B27: Vibrocompactador tipo rana | C27: dia | D27: 87000 | F27: =D27*1 -> 87000 | G27: =+H27*(1+$G$5) -> 94830 | H27: 87000
A28: MAQ020 | B28: hidrolavadora eléctrica | C28: día | D28: 88000 | F28: =D28*1 -> 88000 | G28: =+H28*(1+$G$5) -> 95920 | H28: 88000
A29: MAQ021
A30: MAQ022
A31: MAQ023
A32: MAQ024
A33: MAQ025
A34: MAQ026
A35: MAQ027
A36: MAQ028
A37: MAQ029
A38: MAQ030
A39: MAQ031
A40: MAQ032
... A58: MAQ050

Sheet INSUMOS_TRANSP
C2: INSUMOS DE TRANSPORTE | E2: Codigo:PIM-FM-1002 Versión: 01 Fecha: 09/2024
A5: DESCRIPCIÓN:
A9: COD | B9: PERSONAL Y/O CUADRILLA | C9: UNIDAD | D9: VALOR UNITARIO | E9: IVA | F9: VALOR TOTAL
A10: TR001 | B10: Transporte especial | C10: m3/Km | D10: 15000 | F10: =+D10 -> 15000
A11: TR002 | B11: Volqueta | C11: m3 | D11: 100000 | F11: =+D11 -> 100000
A12: TR003 | B12: Transporte escombros (CON DERECHO) | C12: m3/km | D12: 10000 | F12: =+D12 -> 10000
A13: TR004 | B13: Transporte interno de materiales | C13: m3/km | D13: 9500 | F13: =+D13 -> 9500
A14: TR005 | B14: Transporte estandar de materiales | C14: m3/km | D14: 1500 | F14: =+D14 -> 1500
A15: TR006 | F15: =+D15 -> 0
A16: TR007
A17: TR008
A18: TR009
A19: TR010
A20: TR011

Sheet AU
B1: =+RESUMEN!C3 -> MODIFICACIONES DEL EDIFICIO PRINCIPAL EN LA HOSTERÍA LOS FARALLONES EN EL MUNICIPIO DE LA PINTADA, ANTIOQUIA | H1: #VALUE!
B2: ANÁLISIS DESGLOSE DE LA ESTRUCTURA DEL PORCENTAJE DE ADMINISTRACIÓN | H2: COSTOS DIRECTOS: | L2: =+RESUMEN!D17 -> 0
H3: AU ESTIMADO : | L3: =+K33 -> 0
H4: VALOR CONTRACTUAL | L4: =+RESUMEN!D23 -> 0
H5: PLAZO EN MESES: | L5: =+RESUMEN!C6 -> 6
B6: Item | C6: Nombre | D6: Unidad | E6: Duración | F6: Cant | G6: Dedicación | H6: Valor | I6: Aux Transporte | J6: Factor Prestacional | K6: Porcentaje sobre el contrato | L6: Subtotal
B7: 1 | C7: Personal de Admón. del Contrato
B8: 1.01 | C8: Director de Obra | D8: Mes | E8: =+L5 -> 6 | F8: 1 | G8: 0.4 | J8: 0.58293 | L8: =ROUNDUP(((E8*G8*H8*F8*(1+J8))+(I8*E8)),0) -> 0
B9: 1.02 | C9: Residente obra civil | D9: Mes | E9: =+L5 -> 6 | F9: 1 | G9: 1 | J9: 0.58293 | L9: =ROUNDUP(((E9*G9*H9*F9*(1+J9))+(I9*E9)),0) -> 0
B10: 1.03 | C10: Tecnólogo Residente SST/Ambiental | D10: Mes | E10: =+L5 -> 6 | F10: 1 | G10: 1 | J10: 0.58293 | L10: =ROUNDUP(((E10*G10*H10*F10*(1+J10))+(I10*E10)),0) -> 0
B11: 1.04 | C11: Almacenista | D11: Mes | E11: =+L5 -> 6 | F11: 1 | G11: 1 | J11: 0.61593333 | L11: =ROUNDUP(((E11*G11*H11*F11*(1+J11))+(I11*E11)),0) -> 0
B12: 2 | C12: Instalaciones provisionales
B13: 2.01 | C13: Zona de acopio | D13: gl | E13: 1 | F13: 1 | L13: =ROUNDUP((E13*H13*F13*(1+J13)),0) -> 0
B14: 3 | C14: Gastos administrativos
B15: 3.01 | C15: Gastos de papelería y permisos | D15: Mes | E15: =+L5 -> 6 | F15: 1 | L15: =+H15*E15*F15 -> 0
B16: 3.02 | C16: Computadores y software | D16: un/mes | E16: =+L5 -> 6 | F16: 4 | L16: =+H16*E16*F16 -> 0
B17: 3.03 | C17: Medio de comunicación (celular, Internet) | D17: un/mes | E17: =+L5 -> 6 | F17: 4 | L17: =+H17*E17*F17 -> 0
B18: 3.04 | C18: Mobiliario de oficina (puestos de trabajo + impresora) | D18: un | E18: =+L5 -> 6 | F18: 4 | L18: =+H18*E18*F18 -> 0
B19: 3.05 | C19: Transporte del personal admtvo (4 trayectos) | D19: Mes | E19: =+L5 -> 6 | F19: 4 | L19: =+H19*E19*F19 -> 0
B20: 3.06 | C20: Planos As Built | D20: gl | E20: 1 | F20: 1 | L20: =+H20*E20*F20 -> 0
B21: 3.07 | C21: Gastos oficina central | D21: Mes | E21: =+L5 -> 6 | F21: 1 | L21: =E21*F21*G21*H21 -> 0
B22: 5 | C22: Ambiental
B23: 5.01 | C23: Implementación de PMA | D23: gl | E23: 1 | F23: 1 | L23: =+H23*E23*F23 -> 0
B24: 6 | C24: Seguridad Salud y Trabajo
B25: 6.01 | C25: Implementación de SST | D25: gl | E25: 1 | F25: 1 | L25: =+H25*E25*F25 -> 0
B26: 7 | C26: Cargos sobre el valor de la oferta
B27: 7.01 | C27: Impuesto del 4/1000 | D27: % | K27: 0.004 | L27: =ROUNDUP((K27*$L$4),0) -> 0
B28: 7.05 | C28: FIC | D28: % | K28: 0.0025 | L28: =ROUNDUP((K28*$L$4),0) -> 0
D29: ADMINISTRACIÓN | K29: =IFERROR(+L29/L2,0) -> 0 | L29: =ROUNDUP(+SUM(L7:L28),0) -> 0
D30: CORRECCIÓN DECIMALES | L30: =ROUNDUP(((+L2*K31)-(L29)),0) -> 0
D31: TOTAL COSTOS ADMINISTRACIÓN | K31: =+ROUNDUP((K29),4) -> 0 | L31: =+L29+L30 -> 0
D32: UTILIDAD | L32: =ROUNDUP((+L2*K32),0) -> 0
D33: AU TOTAL | K33: =+K32+K31 -> 0 | L33: =+L29+L32 -> 0

Sheet DOTACIONES
C2: MODIFICACIONES DEL EDIFICIO PRINCIPAL EN LA HOSTERÍA LOS FARALLONES EN EL MUNICIPIO DE LA PINTADA, ANTIOQUIA | G2: #VALUE!
C4: NIVEL | D4: NOMBRE DEL ESPACIO | E4: CANTIDAD | F4: CARACTERÍSTICAS | G4: PRECIO incl. IVA | H4: TOTAL
C5: PLANTA NIVEL 1 | D5: BATERIA TRABAJADORES MUJERES | E5: 1 | F5: Suministro, transporte e instalacion de lockers en lámina cold rolled con acabados en pintura en polvo electrostática, medidas 180x93x30 cm, incluye todo lo necesario para su correcta instalacion y funcionanmiento. | H5: =G5*E5 -> 0
D6: BATERIA TRABAJADORES HOMBRES | E6: 1 | F6: Suministro, transporte e instalacion de lockers en lámina cold rolled con acabados en pintura en polvo electrostática, medidas 197x60x30 cm, incluye todo lo necesario para su correcta instalacion y funcionanmiento. | H6: =G6*E6 -> 0
C7: PLANTA NIVEL 2 | D7: COWORKING PISO 2 | E7: 2 | F7: Suministro, transporte e instalacion de sofá de tres puestos, tapizado en terciopelo, relleno en espuma gris y estructura en madera. Incluye todo lo necesario para su correcta instalacion y funcionamiento. | H7: =G7*E7 -> 0
E8: 1 | F8: Suministro, transporte e instalacion de barra para coworking en superficie de madera color rovere de 8 puestos medidas 110x60 cm, con canaleta y tapas troquel. Incluye todo lo necesario para su correcta instalacion y funcionamiento. | H8: =G8*E8 -> 0
D9: SALA DE ESTAR | E9: 2 | F9: Suministro, transporte e instalacion de sofá de tres puestos, tapizado en terciopelo, relleno en espuma gris y estructura en madera. Incluye todo lo necesario para su correcta instalacion y funcionamiento. | H9: =G9*E9 -> 0
D10: SALA DE REUNIONES 34P | E10: 1 | F10: Suministro, transporte e instalacion de Tv 75" Smart Tv 4k UHD Ai ThinQ control magic incluye soporte para televisor de rack pedestal 1500. Incluye todo lo necesario para su correcta instalacion y funcionamiento. | H10: =G10*E10 -> 0
D11: ZONA DE EMPLEADOS | E11: 1 | F11: Suministro, transporte e instalacion de Tv 55" QNED 4K UHD Smart TV 55QNED80ASA magic remote AI, incluye soporte para televisor ajustable de pared doble brazo . Incluye todo lo necesario para su correcta instalacion y funcionamiento. | H11: =G11*E11 -> 0
E12: 1 | F12: Suministro, transporte e instalacion de mesa tipo barra industrial, superficie en madera enchapada en formica de 25mm, estructura en tubo cold rolled pintado en electroestatica de alta resistencia color negro. Incluye todo lo necesario para su correcta instalacion y funcionamiento. | H12: =G12*E12 -> 0
E13: 1 | F13: Sofa fijo en espuma de alta densidad tapizada en pranna microfibra, estructura elaborada con madera maciza. Incluye todo lo necesario para su correcta instalacion y funcionamiento. | H13: =G13*E13 -> 0
F15: COSTO DOTACIÓN | G15: =+SUM(H5:H13) -> 0
